 Dungeon Sprint DCSS version 0.30-a0-374-g95c0257040 (webtiles) character file.

Game seed: 17253922739864735355

60 McGhostyFace the Thaumaturge (level 4, -4/34 HPs)
             Began as a Gnoll Wanderer on Nov 26, 2022.
             Slain by a deep elf pyromancer
             ... wielding a +2 long sword of holy wrath
              (6 damage)
             ... in the Dungeon (Sprint III: "The Ten Rune Challenge").
             The game lasted 00:03:12 (549 turns).

McGhostyFace the Thaumaturge (Gnoll Wanderer)        Turns: 549, Time: 00:03:13

Health: -4/34      AC:  4    Str: 11    XL:     4   Next: 6%
Magic:  11/17      EV: 12    Int: 14    God:
Gold:   10         SH:  0    Dex:  9    Spells: 20/26 levels left

rFire   . . .      SeeInvis .    j - +0 rapier
rCold   . . .      Faith    .    (no shield)
rNeg    . . .      Spirit   .    d - +0 robe
rPois   .          Reflect  .    (no helmet)
rElec   +          Harm     .    (no cloak)
rCorr   .          Rampage  .    (no gloves)
Will    .....      NoTele   +    (no boots)
Stlth   ++........               (no amulet)
HPRegen 0.25/turn                (no ring)
MPRegen 0.15/turn                (no ring)

@: no status effects
A: fangs 1, strong nose, distributed training, hooves 1, iridescent scales 1,
clumsy 1, electricity resistance, evolution 1
a: no special abilities


You were in the Dungeon.
You visited 1 branch You collected 10 gold pieces.

Inventory:

Hand Weapons
 a - a +0 dagger
 j - a +0 rapier (weapon)
Missiles
 b - 6 boomerangs (quivered)
Armour
 d - a +0 robe (worn)
Scrolls
 i - a scroll of blinking
 k - a scroll of amnesia {unknown}
 l - 2 scrolls of poison {unknown}
 m - a scroll of identify {unknown}
 q - a scroll of torment {unknown}
Potions
 e - a potion of curing
 f - a potion of heal wounds
 g - a potion of haste
 h - 2 potions of magic
 n - 2 potions of degeneration {unknown}
 o - 3 potions of flight


   Skills:
 + Level 2.5 Fighting
 + Level 2.5 Short Blades
 + Level 2.5 Long Blades
 + Level 2.5 Axes
 + Level 2.5 Maces & Flails
 + Level 2.5 Polearms
 + Level 2.5 Staves
 + Level 2.5 Ranged Weapons
 + Level 5.2 Throwing
 + Level 2.5 Armour
 + Level 3.6 Dodging
 + Level 2.5 Stealth
 + Level 2.5 Shields
 + Level 2.5 Unarmed Combat
 + Level 11.6 Spellcasting
 + Level 2.0 Conjurations
 + Level 3.0 Hexes
 + Level 2.0 Summonings
 + Level 2.0 Necromancy
 + Level 2.0 Translocations
 + Level 2.0 Transmutations
 + Level 2.0 Fire Magic
 + Level 2.0 Ice Magic
 + Level 2.0 Air Magic
 + Level 2.0 Earth Magic
 + Level 2.0 Poison Magic
 + Level 2.7 Invocations
 + Level 2.5 Evocations


You had 20 spell levels left.
You knew the following spells:

 Your Spells              Type           Power      Damage    Failure   Level
a - Sandblast             Erth           26%        2d8       3%          1
b - Momentum Strike       Conj/Tloc      26%        3d8       6%          2
c - Tukima's Dance        Hex            16%        N/A       8%          3

Your spell library contained the following spells:

 Spells                   Type           Power      Damage    Failure   Level
 Slow                     Hex            64%        N/A       2%          1
 Summon Guardian Golem    Hex/Summ       15%        N/A       10%         3
 Vhi's Electric Charge    Tloc/Air       26%        N/A       12%         3


Dungeon Overview and Level Annotations

Branches:
Dungeon (1/1)

Altars:
Elyvilon
Zin
The Shining One


Innate Abilities, Weirdness & Mutations

You have very sharp teeth.
Your uncanny sense of smell can sniff out nearby items.
Your experience applies equally to all skills.
You have large cloven feet.
You are partially covered in iridescent scales. (AC +2)
You are clumsy. (Dex -2)
You are resistant to electric shocks. (rElec)
You have hidden genetic potential.


Message History

You feel insulated.
You start resting.
You feel yourself speed up.
You start resting.
Magic restored.
You start resting.
You recover from your berserk rage.
You can't go up here!
This spell is dangerous to cast!
Memorise Tukima's Dance, consuming 3 spell levels and leaving 20?
You start memorising the spell.
You continue memorising. x2
HP restored.
You continue memorising.
You finish memorising.
Spell assigned to 'c'.
There is an open door to the Ecumenical Temple here.
There is a fountain of clear blue water here.
You open the door.
Found three altars.
A deep elf pyromancer comes into view.
It is wielding a +2 long sword of holy wrath.
Found a potion of curing.
The deep elf pyromancer shouts!
The deep elf pyromancer points at you and mumbles some strange words.
The bolt of fire hits you!!
Ouch! That really hurt!
* * * LOW HITPOINT WARNING * * *
There is an open door here.
Casting: Momentum Strike (safe; 6% risk of failure)
Confirm with . or Enter, or press ? or * to list all spells.
Aiming: Tukima's Dance (dangerous; 8% risk of failure)
Press: ? - help, Shift-Dir - straight line, f - deep elf pyromancer
Aim: a deep elf pyromancer, wielding a +2 long sword of holy wrath (chance to affect: 32%)
The deep elf pyromancer easily resists.
Casting: Tukima's Dance (dangerous; 8% risk of failure)
Confirm with . or Enter, or press ? or * to list all spells.
Aiming: Tukima's Dance (dangerous; 8% risk of failure)
Press: ? - help, Shift-Dir - straight line, f/p - deep elf pyromancer
Aim: a deep elf pyromancer, wielding a +2 long sword of holy wrath (chance to affect: 32%)
The deep elf pyromancer easily resists.
The deep elf pyromancer hits you with a +2 long sword of holy wrath.
You die...

▓▓▓▓ ▓▓▓ ...####
##.#####
.†....#####..#___# ∆
.......#..#..#!e.# ∆ ∆
#.##...#..#..###@#+###+#
#.###..##'#..#..........
##.##..###...'.⌠........
..##..####...#...######+
..##..###....#.⌠.#
.##..÷##.....#...#∆
##....#......#+###
##..##.#.....# ∆∆
#..#####....#


You could see a deep elf pyromancer.

Vanquished Creatures
  A water elemental (D)
  A human (D)
  An endoplasm (D)
  3 rats (D)
6 creatures vanquished.

Vanquished Creatures (others)
  A phantom (D)
1 creature vanquished.

Grand Total: 7 creatures vanquished

Notes
Turn   | Place    | Note
-------+----------+-------------------------------------------
     0 | D        | Reached skill level 11 in Spellcasting
     0 | D        | McGhostyFace the Gnoll Wanderer began the quest for the
                  | Orb.
     0 | D        | McGhostyFace set off with the following items: a +0 dagger,
                  | 6 boomerangs, 2 potions of berserk rage, a +0 robe, a
                  | potion of curing, a potion of heal wounds, a potion of
                  | haste, 2 potions of magic, a scroll of blinking; and the
                  | following spells available to memorise: Slow, Sandblast,
                  | Tukima's Dance, Momentum Strike, Summon Guardian Golem,
                  | Vhi's Electric Charge.
     0 | D        | Reached XP level 1. HP: 13/13 MP: 12/12
     7 | D        | Learned a level 1 spell: Sandblast
    99 | D        | Reached skill level 1 in Fighting
    99 | D        | Reached skill level 1 in Short Blades
    99 | D        | Reached skill level 1 in Long Blades
    99 | D        | Reached skill level 1 in Axes
    99 | D        | Reached skill level 1 in Maces & Flails
    99 | D        | Reached skill level 1 in Polearms
    99 | D        | Reached skill level 1 in Staves
    99 | D        | Reached skill level 1 in Ranged Weapons
    99 | D        | Reached skill level 1 in Armour
    99 | D        | Reached skill level 1 in Stealth
    99 | D        | Reached skill level 1 in Shields
    99 | D        | Reached skill level 1 in Unarmed Combat
    99 | D        | Reached skill level 1 in Conjurations
    99 | D        | Reached skill level 1 in Summonings
    99 | D        | Reached skill level 1 in Necromancy
    99 | D        | Reached skill level 1 in Translocations
    99 | D        | Reached skill level 1 in Transmutations
    99 | D        | Reached skill level 1 in Fire Magic
    99 | D        | Reached skill level 1 in Ice Magic
    99 | D        | Reached skill level 1 in Air Magic
    99 | D        | Reached skill level 1 in Earth Magic
    99 | D        | Reached skill level 1 in Poison Magic
    99 | D        | Reached skill level 1 in Invocations
    99 | D        | Reached skill level 1 in Evocations
    99 | D        | Reached XP level 2. HP: 22/22 MP: 14/14
   318 | D        | Learned a level 2 spell: Momentum Strike
   484 | D        | Gained mutation: Your mind is acute. (Int +4, Str/Dex -1)
                  | [potion of mutation]
   484 | D        | Gained mutation: Your magical capacity is low. (-10% MP)
                  | [potion of mutation]
   484 | D        | Gained mutation: You are weak. (Str -2) [potion of
                  | mutation]
   485 | D        | Lost mutation: Your mind is acute. (Int +4, Str/Dex -1)
                  | [potion of mutation]
   485 | D        | Lost mutation: Your magical capacity is low. (-10% MP)
                  | [potion of mutation]
   485 | D        | Lost mutation: You are weak. (Str -2) [potion of mutation]
   485 | D        | Gained mutation: Your body sometimes deteriorates upon
                  | taking damage. [potion of mutation]
   485 | D        | Gained mutation: You are frail. (-10% HP) [potion of
                  | mutation]
   485 | D        | Gained mutation: Your spells are a little harder to cast,
                  | but a little more powerful. [potion of mutation]
   486 | D        | Lost mutation: Your spells are a little harder to cast, but
                  | a little more powerful. [potion of mutation]
   486 | D        | Lost mutation: Your body sometimes deteriorates upon taking
                  | damage. [potion of mutation]
   486 | D        | Gained mutation: You are weak. (Str -2) [potion of
                  | mutation]
   486 | D        | Gained mutation: You have large cloven feet. [potion of
                  | mutation]
   486 | D        | Gained mutation: You are agile. (Dex +4, Str/Int -1)
                  | [potion of mutation]
   487 | D        | Lost mutation: You are frail. (-10% HP) [potion of
                  | mutation]
   487 | D        | Lost mutation: You are agile. (Dex +4, Str/Int -1) [potion
                  | of mutation]
   487 | D        | Lost mutation: You are weak. (Str -2) [potion of mutation]
   487 | D        | Gained mutation: You are frail. (-10% HP) [potion of
                  | mutation]
   488 | D        | Lost mutation: You are frail. (-10% HP) [potion of
                  | mutation]
   488 | D        | Lost mutation: You have large cloven feet. [potion of
                  | mutation]
   488 | D        | Gained mutation: You are clumsy. (Dex -2) [potion of
                  | mutation]
   488 | D        | Gained mutation: You have large cloven feet. [potion of
                  | mutation]
   488 | D        | Gained mutation: You are partially covered in iridescent
                  | scales. (AC +2) [potion of mutation]
   488 | D        | Gained mutation: You have hidden genetic potential. [potion
                  | of mutation]
   498 | D        | Noticed a water elemental
   503 | D        | Killed a water elemental
   504 | D        | Reached skill level 5 in Throwing
   504 | D        | Reached XP level 3. HP: 28/28 MP: 11/16
   504 | D        | Reached XP level 4. HP: 34/34 MP: 11/17
   519 | D        | Gained mutation: You are resistant to electric shocks.
                  | (rElec) [hidden potential]
   541 | D        | Learned a level 3 spell: Tukima's Dance
   546 | D        | Found a glowing silver altar of Zin.
   546 | D        | Found a glowing golden altar of the Shining One.
   546 | D        | Found a white marble altar of Elyvilon.
   547 | D        | Noticed a deep elf pyromancer
   549 | D        | Slain by a deep elf pyromancer

Illustrated notes

Levels and vault maps discovered:
D:        dungeon_sprint_mu [sprint_mu_entry_cave, sprint_mu_temple_rooms,
          sprint_mu_d1_spiders, sprint_mu_d2_genie, sprint_mu_d3_branching,
          sprint_mu_orc_legion, sprint_mu_elf_gauntlet, sprint_mu_hive_nellie,
          sprint_mu_lair_fedhas, sprint_mu_vaults_butterflies,
          sprint_mu_slime_circle, sprint_mu_swamp_cave, sprint_mu_shoals_kraken,
          sprint_mu_blade_basic, sprint_mu_crypt_chambers,
          sprint_mu_tomb_spiral, sprint_mu_vestibule_basic,
          sprint_mu_gehenna_hellfire, sprint_mu_dis_giant,
          sprint_mu_tartarus_statrot, sprint_mu_cocytus_islands, sprint_mu_zot1]

Skill      XL: |  1  2 |
---------------+-------+-----
Spellcasting   | | 11.6
Hexes          | 2 3 |  3.0
Fighting       | 1 2 |  2.5
Short Blades   | 1 2 |  2.5
Long Blades    | 1 2 |  2.5
Axes           | 1 2 |  2.5
Maces & Flails | 1 2 |  2.5
Polearms       | 1 2 |  2.5
Staves         | 1 2 |  2.5
Ranged Weapons | 1 2 |  2.5
Armour         | 1 2 |  2.5
Dodging        | 3 |  3.6
Stealth        | 1 2 |  2.5
Shields        | 1 2 |  2.5
Unarmed Combat | 1 2 |  2.5
Conjurations   | 1 2 |  2.0
Summonings     | 1 2 |  2.0
Necromancy     | 1 2 |  2.0
Translocations | 1 2 |  2.0
Transmutations | 1 2 |  2.0
Fire Magic     | 1 2 |  2.0
Ice Magic      | 1 2 |  2.0
Air Magic      | 1 2 |  2.0
Earth Magic    | 1 2 |  2.0
Poison Magic   | 1 2 |  2.0
Invocations    | 1 2 |  2.7
Evocations     | 1 2 |  2.5
Throwing       | 5 |  5.2

Action                   |  1- 3 |  4- 6 || total
-------------------------+-------+-------++-------
Melee: Rapier            |    14 |       ||    14
       Bite              |     2 |       ||     2
 Cast: Sandblast         |     3 |       ||     3
       Momentum Strike   |     3 |       ||     3
       Tukima's Dance    |       |     2 ||     2
  Use: Potion            |     7 |       ||     7
Armor: Robe              |     2 |       ||     2
Dodge: Dodged            |     6 |       ||     6

Table legend: (Time is in decaauts)
 A = Elapsed time spent in this place.
 B = Non-inter-level travel time spent in this place.
 C = Inter-level travel time spent in this place.
 D = Time resting spent in this place.
 E = Time spent auto-exploring this place.
 F = Levels seen in this place.
 G = Mean time per level.
                   A        B        C        D        E       F      G
               +--------+--------+--------+--------+--------+-----+--------+
         Total |    567 |    567 |      0 |    425 |      0 |   1 |  567.0 |
       Dungeon |    567 |    567 |      0 |    425 |      0 |   1 |  567.0 |
               +--------+--------+--------+--------+--------+-----+--------+

Top non-repeatable levels by time:
       D: 567 daAuts
